 Dungeon Crawl Stone Soup version 0.20-a0-507-gc86f373 (webtiles) character file.

611 ChocoNymphy the Ruffian (level 7, -5/67 HPs)
             Began as a Troll Fighter on Jan 21, 2017.
             Slain by an orc warrior
             ... wielding a +0 halberd
              (21 damage)
             ... on level 4 of the Dungeon on Jan 22, 2017.
             The game lasted 00:18:07 (4023 turns).

ChocoNymphy the Ruffian (Troll Fighter)             Turns: 4023, Time: 00:18:08

Health: -5/67      AC:  5    Str: 26    XL:     7   Next: 20%
Magic:  6/6        EV:  9    Int:  4    God:
Gold:   159        SH:  9    Dex: 10    Spells: 6/6 levels left

rFire    . . .     SeeInvis .     - Unarmed
rCold    . . .     Gourm    +   a - +0 robe
rNeg     . . .     Faith    .   b - +0 shield
rPois    .         Spirit   .   (helmet restricted)
rElec    .         Reflect  .   (no cloak)
rCorr    .         Harm     .   (gloves unavailable)
MR       .....                  (boots unavailable)
Stlth    +.........             (no amulet)
Regen    0.7/turn               (no ring)
                                (no ring)

@: no status effects
A: unfitting armour, claws 3, fast metabolism 3, gourmand, regeneration 1,
shaggy fur 1, tough skin 2
a: no special abilities


You were on level 4 of the Dungeon.
You were not hungry.

You visited 1 branch of the dungeon, and saw 4 of its levels.

You collected 159 gold pieces.

Inventory:

Hand Weapons
 A - the +6 hunting sling of Xeckop {venom, rN++, unknown}
   (You found it on level 4 of the Dungeon)

   It poisons the ammo it fires.
   It greatly protects you from negative energy.
Missiles
 g - 50 sling bullets
 h - 4 large rocks (quivered)
 j - 50 bolts
 x - 6 javelins
Armour
 a - a +0 robe (worn)
 b - a +0 shield (worn)
Jewellery
 q - a cursed ring of teleportation {unknown}
 u - an uncursed ring of magical power {unknown}
 B - an uncursed amulet of harm {unknown}
Scrolls
 e - 3 scrolls of teleportation {unknown}
 i - 6 scrolls of identify {unknown}
 m - 2 scrolls of enchant weapon {unknown}
 n - a scroll of magic mapping {unknown}
 o - a scroll of remove curse {unknown}
 p - 2 scrolls of enchant armour {unknown}
 s - a scroll of recharging {unknown}
 t - a scroll of random uselessness {unknown}
 y - a scroll of noise {unknown}
 z - a scroll of fog {unknown}
Potions
 c - a potion of might
 l - a potion of lignification {unknown}
 r - a potion of flight {unknown}
 v - a potion of heal wounds
 w - 4 potions of cancellation {unknown}
Comestibles
 d - 4 bread rations
 f - 4 fruits
 k - 2 meat rations


   Skills:
 + Level 3.1 Fighting
 + Level 4.2 Dodging
 + Level 0.3 Stealth
 + Level 3.5 Shields
 + Level 5.3 Unarmed Combat


You had 6 spell levels left.
You didn't know any spells.

Dungeon Overview and Level Annotations

Branches:
Dungeon (4/15)
 Temple: D:4-7

Altars:
Nemelex Xobeh
Sif Muna


Innate Abilities, Weirdness & Mutations

You are too large for most types of armour.
You have claws for hands.
Your metabolism is lightning-fast.
You like to eat raw meat.
Your natural rate of healing is unusually fast.
You are covered in fur. (AC +1)
You have very tough skin. (AC +2)


Message History

You barely miss the orc. The orc hits you but does no damage.
The orc warrior hits you from afar with a halberd.
You scratch the orc.
The orc is moderately wounded.
The orc hits you but does no damage.
You scratch the orc.
The orc is almost dead.
You block the orc warrior's attack.
You closely miss something.
The orc warrior hits you from afar with a halberd!!
Something hits you but does no damage.
You claw something! Something hits you.
The orc warrior hits you from afar with a halberd!!
* * * LOW HITPOINT WARNING * * *
You claw something!
Reactivating autopickup.
You feel a bit more experienced. You block the orc warrior's attack.
It was a potion of heal wounds.
You feel much better. The orc misses you.
The orc warrior hits you from afar with a halberd!!
You die...

#.# #. #....#####.#
###.####....#......
..)........#.###.#
..........'.....#
####........##....#
.............'.....
########.......###....#
#.....@oo........'....#
...:...####)####.##....#
...#... #.# #.##....# .
#... ### #.......# #...
##..###.# #... #..###'#
#... #....... #...
#....... #.......


You could see an orc warrior and an orc.

Vanquished Creatures
  An ogre (D:4)
  A bullfrog skeleton (D:3)
  3 orc priests (D:4)
  A gnoll shaman (D:3)
  2 hounds (D:4)
  3 orc wizards (D:4)
  A hound skeleton (D:4)
  8 adders
  3 gnolls (D:3)
  An ooze (D:1)
  2 adder skeletons
  5 worms
  2 dart slugs
  2 leopard geckos
  12 orcs
  A giant cockroach (D:3)
  4 goblins
  9 hobgoblins
  6 jackals
  7 kobolds
  A quokka (D:3)
  10 bats
  4 frilled lizards
  A quokka skeleton (D:4)
  10 rats
100 creatures vanquished.

Notes
Turn   | Place    | Note
-------+----------+-------------------------------------------
     0 | D:1      | ChocoNymphy the Troll Fighter began the quest for the Orb.
     0 | D:1      | Reached XP level 1. HP: 22/22 MP: 0/0
   191 | D:1      | Reached XP level 2. HP: 29/29 MP: 1/1
   365 | D:1      | Found a sparkling altar of Nemelex Xobeh.
   699 | D:2      | Reached XP level 3. HP: 30/36 MP: 2/2
  1124 | D:2      | Reached XP level 4. HP: 39/44 MP: 3/3
  1207 | D:2      | Reached skill level 3 in Unarmed Combat
  1419 | D:2      | Found a deep blue altar of Sif Muna.
  2123 | D:3      | Reached XP level 5. HP: 48/52 MP: 4/4
  2818 | D:3      | Reached skill level 4 in Unarmed Combat
  3121 | D:4      | Reached XP level 6. HP: 52/61 MP: 5/5
  3369 | D:4      | HP: 1/61 [orc priest/nerve-wracking pain (7)]
  3814 | D:4      | Got a smoking hunting sling
  3830 | D:4      | Reached skill level 5 in Unarmed Combat
  3830 | D:4      | Reached XP level 7. HP: 56/67 MP: 6/6
  4021 | D:4      | HP: 2/67 [orc warrior/halberd (25)]
  4023 | D:4      | Slain by an orc warrior

Vault maps used:
D:1:      dpeg_arrival_erosion, nemelex_diamond_rough_becter
D:2:      led_sif_pool
D:3:      first_bread
D:4:      nemelex_dance_club_becter

Skill      XL: |  1  2  3  4  5  6 |
---------------+-------------------+-----
Dodging        | 3 4 |  4.2
Unarmed Combat | 3 4 5 |  5.3
Shields        | 3 |  3.5
Fighting       | 3 |  3.1
Stealth        | |  0.3

Action                   |  1- 3 |  4- 6 |  7- 9 || total
-------------------------+-------+-------+-------++-------
Melee: Unarmed           |   110 |   183 |    15 ||   308
  Use: Potion            |       |     1 |     1 ||     2
  Eat: Chunk             |    14 |    23 |       ||    37
Armor: Robe              |    37 |    50 |     6 ||    93
Dodge: Dodged            |    31 |    56 |     4 ||    91
Block: Shield            |    34 |    77 |     3 ||   114
